 Dungeon Crawl Stone Soup version 0.30-a0-475-g03497ec522 (webtiles) character file.

Game seed: 8421727852215793848

41 Liquidunit the Chopper (level 3, -10/33 HPs)
             Began as a Minotaur Berserker on Dec 21, 2022.
             Was a Believer of Trog.
             Killed by divine providence
             ... invoked by an orc priest
              (12 damage)
             ... on level 3 of the Dungeon.
             The game lasted 00:02:09 (1600 turns).

Liquidunit the Chopper (Minotaur Berserker)         Turns: 1600, Time: 00:02:11

Health: -10/33     AC:  9    Str: 21    XL:     3   Next: 32%
Magic:  2/2        EV:  8    Int:  6    God:    Trog [**....]
Gold:   152        SH:  3    Dex:  9    Spells: 2/2 levels left

rFire   . . .      SeeInvis .    i - +1 hand axe (vorpal)
rCold   . . .      Faith    .    d - +0 buckler
rNeg    . . .      Spirit   .    f - +0 chain mail
rPois   +          Reflect  .    (helmet restricted)
rElec   .          Harm     .    (no cloak)
rCorr   .          Rampage  .    (no gloves)
Will    .....                    (no boots)
Stlth   ..........               (no amulet)
HPRegen 1.05/turn                (no ring)
MPRegen 0.08/turn                (no ring)

@: lethally poisoned (-10 -> -14), attractive
A: horns 2, retaliatory headbutt, high MP 1, poison resistance, regeneration 1
a: Renounce Religion, Berserk, Trog's Hand


You were on level 3 of the Dungeon.
You worshipped Trog.
Trog was pleased with you.
You visited 1 branch of the dungeon, and saw 3 of its levels.

You collected 152 gold pieces.

Inventory:

Hand Weapons
 i - a +1 vorpal hand axe (weapon)
Armour
 d - a +0 buckler (worn)
 f - a +0 chain mail (worn)
Jewellery
 c - a +4 ring of protection
 m - a ring of protection from cold
Scrolls
 e - 2 scrolls of identify {unknown}
 h - a scroll of acquirement {unknown}
 k - a scroll of blinking {unknown}
Potions
 a - a potion of attraction
 b - a potion of mutation
 g - 2 potions of heal wounds {unknown}
 j - a potion of curing {unknown}
 l - a potion of berserk rage {unknown}


   Skills:
 + Level 4.0 Fighting
 + Level 4.0 Axes
 + Level 3.0 Armour
 + Level 2.7 Dodging
 + Level 1.1 Shields


You had 2 spell levels left.
You didn't know any spells.
Your spell library was empty.

Dungeon Overview and Level Annotations

Branches:
Dungeon (3/15)

Altars:


Innate Abilities, Weirdness & Mutations

You have a pair of horns on your head.
You reflexively headbutt those who attack you in melee.
You have an increased reservoir of magic. (+10% MP)
Your system is resistant to poisons. (rPois)
Your natural rate of healing is unusually fast.


Message History

There are monsters nearby!
There are monsters nearby!
An orc comes into view. It is wielding a +0 mace.
An orc wizard comes into view. It is wielding a +4 dagger of venom.
The orc wizard shouts!
The orc wizard gestures wildly while chanting.
The orc wizard flickers and vanishes!
Deactivating autopickup; reactivate with Ctrl-A.
An orc comes into view. It is wielding a +0 falchion.
The orc hits you but does no damage.
You are poisoned.
You closely miss the orc priest. You completely miss the orc.
You feel sick.
The orc shouts!
The orc hits you with a +0 short sword of venom.
You are more poisoned.
The orc priest invokes the aid of Beogh against you.
Pain shoots through your body!
You hit the orc priest but do no damage.
You hit the orc. x2
You feel very sick. The orc hits you but does no damage.
You are more poisoned.
The orc priest hits you but does no damage.
You block the orc's attack.
It was a potion of attraction.
You feel attractive to monsters.
* * * LOW HITPOINT WARNING * * *
You feel very sick. The orc priest barely misses you. You furiously retaliate!
You headbutt the orc priest. The orc hits you with a +0 mace.
* * * LOW HITPOINT WARNING * * *
Something is attracted toward you. The orc is attracted toward you.
It was a potion of mutation.
You feel extremely strange.
You feel resistant to poisons.
You begin to heal more quickly.
You feel more energetic.
* * * LOW HITPOINT WARNING * * *
You feel very sick.
The orc priest calls down the wrath of Beogh upon you.
Beogh smites you!
You die...

##..# #...#
#...# #..ยง#
..
#...##+##..
#..o.......
#.ooo......
#.@.......
####.....#..
#.....####
#..###.#
.... #..#
.## #.##
##.#
########..#
#.....##.##


You could see an orc priest and 3 orcs.

Vanquished Creatures
  A dart slug (D:1)
  An orc (D:3)
  4 ball pythons
  4 bats
  3 endoplasms
  3 giant cockroaches (D:1)
  5 goblins
  5 hobgoblins
  A quokka (D:1)
  2 frilled lizards (D:1)
  4 rats
33 creatures vanquished.

Notes
Turn   | Place    | Note
-------+----------+-------------------------------------------
     0 | D:1      | Liquidunit the Minotaur Berserker began the quest for the
                  | Orb.
     0 | D:1      | Reached XP level 1. HP: 19/19 MP: 0/0
   196 | D:1      | Reached XP level 2. HP: 19/27 MP: 1/1
  1193 | D:2      | Reached XP level 3. HP: 33/33 MP: 2/2
  1442 | D:3      | Reached skill level 1 in Shields
  1542 | D:3      | Reached ** piety under Trog
  1600 | D:3      | Gained mutation: Your system is resistant to poisons.
                  | (rPois) [potion of mutation]
  1600 | D:3      | Gained mutation: Your natural rate of healing is unusually
                  | fast. [potion of mutation]
  1600 | D:3      | Gained mutation: You have an increased reservoir of magic.
                  | (+10% MP) [potion of mutation]
  1600 | D:3      | Killed from afar by an orc priest

Illustrated notes

Levels and vault maps discovered:
D:1:      dpeg_arrival_line_fractal, layout_loops_ring
D:2:      layout_rooms
D:3:      layout_rooms, hangedman_glass_teeth, minmay_misc_feat_room,
          kennysheep_pointless_box, grunt_ministairs_15,
          pf_guarded_unrand_delatra

Skill      XL: |  1  2  3 |
---------------+----------+-----
Axes           | 4 |  4.0
Fighting       | 4 |  4.0
Shields        | 1 |  1.1
Armour         | 3 |  3.0
Dodging        | |  2.7

Action                   || total
-------------------------++-------
Melee: Hand axe          ||    76
       Headbutt          ||     8
  Use: Potion            ||     2
Armor: Animal skin       ||     3
       Chain mail        ||    17
Dodge: Dodged            ||    38
Block: Buckler           ||     8

Table legend: (Time is in decaauts)
 A = Elapsed time spent in this place.
 B = Non-inter-level travel time spent in this place.
 C = Inter-level travel time spent in this place.
 D = Time resting spent in this place.
 E = Time spent auto-exploring this place.
 F = Levels seen in this place.
 G = Mean time per level.
                   A        B        C        D        E       F      G
               +--------+--------+--------+--------+--------+-----+--------+
         Total |   1609 |   1520 |     89 |      0 |   1207 |   3 |  536.3 |
       Dungeon |   1609 |   1520 |     89 |      0 |   1207 |   3 |  536.3 |
               +--------+--------+--------+--------+--------+-----+--------+

Top non-repeatable levels by time:
     D:1: 971 daAuts
     D:2: 474 daAuts
     D:3: 164 daAuts
